 Dungeon Crawl Stone Soup version 0.25-a0-339-gb37b713d4c (webtiles) character file.

Game seed: 9638535750385023199, levelgen mode: deterministic

174878 night the Gnoll Aeon (level 18, -3/138 HPs)
             Began as a Gnoll Conjurer on Dec 28, 2019.
             Was the Champion of Cheibriados.
             Slain by a ghost moth (10 damage)
             ... on level 4 of the Spider Nest.
             The game lasted 02:53:37 (35759 turns).

night the Gnoll Aeon (Gnoll Conjurer)              Turns: 35759, Time: 02:53:39

Health: -3/138     AC: 21    Str: 18 (25) XL:     18   Next: 8%
Magic:  0/34       EV: 21    Int: 42 (45) God:    Cheibriados [******]
Gold:   3061       SH: 11    Dex: 28 (34) Spells: 5/41 levels left

rFire    . . .     SeeInvis .   a - +4 rapier (elec)
rCold    . . .     Gourm    .   C - +2 buckler
rNeg     . . .     Faith    .   j - +2 scale mail {rPois}
rPois    +         Spirit   .   x - +0 helmet
rElec    .         Reflect  .   I - +1 cloak
rCorr    .         Harm     .   Y - +2 pair of gloves {Dex+3}
MR       +....                  m - +1 pair of boots
Stlth    +++++.....             L - amulet of magic regeneration
HPRegen  0.33/turn              R - +4 ring of intelligence
MPRegen  0.49/turn              q - ring of poison resistance

@: very slow
A: distributed training, fangs 1, strong nose
a: Bend Time, Temporal Distortion, Slouch, Step From Time, Renounce Religion


You were on level 4 of the Spider Nest.
You worshipped Cheibriados.
Cheibriados was exalted by your worship.
You were not hungry.

You visited 5 branches of the dungeon, and saw 28 of its levels.
You also visited: Bailey.

You collected 3127 gold pieces.
You spent 66 gold pieces at shops.

Inventory:

Hand Weapons
 a - a +4 rapier of electrocution (weapon)
 b - a +1 dagger of pain
 g - the +10 long sword of Payriahu {protect, rC++}
   (You found it on level 3 of the Lair of Beasts)

   It grants its wielder temporary protection when it strikes (+7 to AC).
   It greatly protects you from cold.
 k - a +1 dagger of holy wrath
Missiles
 l - 68 boomerangs (quivered)
 t - 96 poisoned darts
 Q - 9 curare-tipped darts
 U - 4 silver javelins
Armour
 j - a +2 scale mail of poison resistance (worn)
 m - a +1 pair of boots (worn)
 x - a +0 helmet (worn)
 C - a +2 buckler (worn)
 I - a +1 cloak (worn)
 Y - a +2 pair of gloves of dexterity (worn)
Magical Staves
 w - an uncursed staff of wizardry
 N - an uncursed staff of energy
Jewellery
 i - an uncursed ring of protection from cold
 o - an uncursed ring of fire
 q - a ring of poison resistance (right hand)
 v - an uncursed ring of flight
 K - a +3 ring of protection
 L - an amulet of magic regeneration (around neck)
 R - a +4 ring of intelligence (left hand)
 X - an uncursed ring of resist corrosion
 Z - an uncursed amulet of guardian spirit {unknown}
Wands
 f - a wand of disintegration (15)
 n - a wand of paralysis (18)
 F - a wand of enslavement (8)
 H - a wand of acid (15)
 O - a wand of digging (8)
 S - a wand of iceblast (2)
Scrolls
 d - 4 scrolls of magic mapping
 e - 8 scrolls of teleportation
 r - 4 scrolls of immolation
 A - 12 scrolls of remove curse
 D - 6 scrolls of identify
 E - 5 scrolls of blinking
 G - 5 scrolls of fog
 V - a scroll of fear
Potions
 h - 11 potions of curing
 p - 11 potions of heal wounds
 s - 4 potions of agility
 u - 6 potions of ambrosia
 y - a potion of resistance
 z - 2 potions of invisibility
 J - 4 potions of cancellation
 M - a potion of magic
 P - 7 potions of brilliance
 T - 7 potions of might
 W - 2 potions of lignification
Miscellaneous
 B - a crystal ball of energy
Comestibles
 c - 32 rations


   Skills:
 + Level 11.5 Fighting
 + Level 11.5 Short Blades
 + Level 11.5 Long Blades
 + Level 11.5 Axes
 + Level 11.5 Maces & Flails
 + Level 11.5 Polearms
 + Level 11.5 Staves
 + Level 11.5 Slings
 + Level 11.5 Bows
 + Level 11.5 Crossbows
 + Level 11.5 Throwing
 + Level 11.5 Armour
 + Level 12.3 Dodging
 + Level 12.1 Stealth
 + Level 11.5 Shields
 + Level 11.5 Unarmed Combat
 + Level 12.4 Spellcasting
 + Level 11.9 Conjurations
 + Level 9.8 Hexes
 + Level 9.8 Charms
 + Level 9.8 Summonings
 + Level 9.8 Necromancy
 + Level 9.8 Translocations
 + Level 9.8 Transmutations
 + Level 9.8 Fire Magic
 + Level 9.8 Ice Magic
 + Level 9.8 Air Magic
 + Level 9.8 Earth Magic
 + Level 9.8 Poison Magic
 + Level 12.4 Invocations
 + Level 11.5 Evocations


You had 5 spell levels left.
You knew the following spells:

 Your Spells              Type           Power        Failure   Level  Hunger
a - Magic Dart            Conj           ####         1%          1    None
b - Searing Ray           Conj           ######       1%          2    None
c - Confusing Touch       Hex            ######       1%          1    None
d - Iskenderun's Mystic   Conj/Tloc      #######.     1%          4    None
e - Fulminant Prism       Conj/Hex       #######...   1%          4    None
f - Confuse               Hex            #######.     1%          3    None
g - Petrify               Tmut/Erth      #######.     1%          4    None
h - Olgreb's Toxic Radia  Pois           #######.     1%          4    None
i - Ignite Poison         Fire/Tmut/Pois #######.     1%          3    None
j - Lesser Beckoning      Tloc           #######...   1%          3    None
k - Orb of Destruction    Conj           #######...   19%         7    ####...

Your spell library contained the following spells:

 Spells                   Type           Power        Failure   Level  Hunger
 Beastly Appendage        Tmut           ######       1%          1    None
 Corona                   Hex            #######      1%          1    None
 Sting                    Tmut/Pois      ####         1%          1    None
 Summon Small Mammal      Summ           ####         1%          1    None
 Blink                    Tloc           N/A          1%          2    None
 Call Imp                 Summ           #######.     1%          2    None
 Corpse Rot               Necr/Air       N/A          1%          2    None
 Poisonous Vapours        Pois/Air       ######       1%          2    None
 Shroud of Golubria       Chrm/Tloc      ######       1%          2    None
 Sticks to Snakes         Tmut           #######.     1%          2    None
 Call Canine Familiar     Summ           #######.     1%          3    None
 Dazzling Flash           Conj/Hex       ######       1%          3    None
 Gell's Gravitas          Tloc           #######...   1%          3    None
 Mephitic Cloud           Conj/Pois/Air  #######.     1%          3    None
 Portal Projectile        Hex/Tloc       ######       1%          3    None
 Spider Form              Tmut/Pois      #######...   1%          3    None
 Stone Arrow              Conj/Erth      ######       1%          3    None
 Summon Guardian Golem    Hex/Summ       #######.     1%          3    None
 Teleport Other           Tloc           #######.     1%          3    None
 Ice Form                 Ice/Tmut       #######.     1%          4    None
 Passage of Golubria      Tloc           N/A          1%          4    None
 Summon Ice Beast         Ice/Summ       #######.     1%          4    None
 Summon Lightning Spire   Summ/Air       #######.     1%          4    None
 Blade Hands              Tmut           #######...   1%          5    None
 Bolt of Magma            Conj/Fire/Erth #######...   1%          5    None
 Irradiate                Conj/Tmut      #######...   1%          5    None
 Iskenderun's Battlesphe  Conj/Chrm      #######.     1%          5    None
 Lightning Bolt           Conj/Air       #######...   1%          5    None
 Metabolic Englaciation   Hex/Ice        #######...   1%          5    None
 Silence                  Hex/Air        #######...   1%          5    None
 Summon Forest            Summ/Tloc      #######...   1%          5    None
 Yara's Violent Unravell  Hex/Tmut       #######...   1%          5    None
 Conjure Ball Lightning   Conj/Air       #######...   4%          6    ##.....
 Iron Shot                Conj/Erth      #######...   4%          6    ##.....
 Freezing Cloud           Conj/Ice/Air   #######...   6%          6    ##.....
 Eringya's Noxious Bog    Tmut/Pois      #######...   8%          6    ##.....
 Hydra Form               Tmut           #######...   8%          6    ##.....
 Ozocubu's Refrigeration  Ice            #######...   8%          6    ##.....
 Simulacrum               Ice/Necr       #######...   8%          6    ##.....
 Spellforged Servitor     Conj/Summ      #######...   28%         7    ####...
 Summon Hydra             Summ           #######...   41%         7    ####...
 Disjunction              Tloc           #######...   98%         8    ######.


Dungeon Overview and Level Annotations

Branches:
Dungeon (15/15)            Temple (1/1) D:6            Lair (6/6) D:10
 Shoals (0/4) Lair:3       Spider (4/4) Lair:2        Slime (0/5) Lair:6
    Orc (2/2) D:10            Elf (0/3) Orc:2        Vaults (0/5) D:13
 Depths (0/5) D:15         Bailey (visited)

Altars:
Ashenzari
Cheibriados
Dithmenos
Elyvilon
Fedhas
Gozag
Hepliaklqana
Kikubaaqudgha
Makhleb
Nemelex Xobeh
Okawaru
Qazlal
Ru
Sif Muna
Trog
Uskayaw
Vehumet
Wu Jian
Xom
Yredelemnul
Zin
The Shining One

Shops:
D:8 ?   D:10 (   D:15 (   Orc:2 [:([

Portals:
Abyss: Spider:3
Trove: D:14 (give horn of Geryon)

Annotations:
D:8 2 exclusions
D:14 1 runed translucent door
Spider:3 2 transporters, Zuproetha's ghost, adept DsWn


Innate Abilities, Weirdness & Mutations

Your experience applies equally to all skills.
You have very sharp teeth.
Your uncanny sense of smell can sniff out nearby items.


Message History

* * * LOW HITPOINT WARNING * * *
Something hits you but does no damage. You block something's attack.
You see here a potion of ambrosia.
u - 6 potions of ambrosia (gained 1)
You feel you are being watched by something.
You feel your power leaking away. Something hits you.
* * * LOW HITPOINT WARNING * * *
Something hits you but does no damage.
Something stings you but does no damage.
You feel you are being watched by something.
Something hits you but does no damage. x2
Something stings you but does no damage.
You feel you are being watched by something.
You feel your power leaking away. Something hits you!
* * * LOW HITPOINT WARNING * * *
You feel weakened. Something hits you!
You die...

#≈....≈≈..###
###..#^..#
#..####≈≈.≈#
##^..#..
#.†#≈!##≈.≈#
#...##..
#..#(.^#≈..#
####..#...
##.##.≈.#≈...#
#....#...#
#^.#..≈.##^..#
##...##..#
##..#.≈≈.^#..##
###..#...
#≈.##.≈≈.≈#^.#
####.#.
#≈.#..≈≈.@#..#
#...^#
#..#..≈.≈.#..#
#..#..
#..##.≈φ≈.#..≈
###...
#^..#.≈≈≈.#
#..#.#
##....≈≈.##
#..#..
#.......#
#....#
##.....^#
##.... #......#
##.#.. #..^#.##
#.....


There were no monsters in sight!

Vanquished Creatures
  Nikola (Spider:1)
  Arachne (Spider:2)
  Agnes (Spider:2)
  5 ghost moths
  An orc warlord (Bailey)
  7 emperor scorpions
  An entropy weaver (Spider:3)
  Nessos (D:12)
  A spark wasp (Spider:4)
  Azrael (D:12)
  Snorg (Orc:1)
  An ettin (Orc:2)
  A fire dragon (Lair:6)
  A yaktaur captain (D:15)
  7 hydras
  A catoblepas (Lair:5)
  A vault guard (D:13)
  2 centaur warriors
  7 two-headed ogres
  A death yak (Lair:5)
  Nergalle (D:12)
  2 hell knights (D:14)
  An orc high priest (Orc:2)
  A flayed ghost (D:13)
  A wizard (D:15)
  3 unseen horrors
  5 lindwurms
  4 orc knights
  A phantasmal warrior (D:13)
  A necromancer (D:14)
  9 oklob plants (Lair:6)
  19 orb spiders
  13 wolf spiders
  A cyclops (D:13)
  A manticore (D:11)
  13 ugly things
  A deep elf mage (D:12)
  3 orc sorcerers (Orc:1)
  A merfolk siren (Lair:3)
  10 black mambas
  2 centaur skeletons
  9 spiny frogs
  11 elephants (Lair:5)
  3 molten gargoyles (Lair:6)
  A torpor snail (Spider:4)
  2 gargoyles
  13 komodo dragons
  6 rime drakes
  2 efreet
  14 demonic crawlers
  A freezing wraith (D:15)
  A yaktaur (D:15)
  A merfolk (Lair:3)
  5 trolls
  A polar bear (Lair:3)
  4 hornets
  A harpy zombie (D:13)
  A queen bee (Lair:5)
  30 jumping spiders
  3 meliai (Lair:5)
  6 blink frogs
  9 hippogriffs
  A wraith (D:12)
  20 tarantellas
  A shadow (D:13)
  4 water elementals (D:11)
  A vampire (D:13)
  69 redbacks
  A hog (shapeshifter) (D:15)
  A spriggan (Lair:3)
  3 wyverns
  A golden eye (shapeshifter) (D:13)
  32 yaks
  4 hungry ghosts
  5 basilisks
  7 vampire mosquitoes
  5 steam dragons
  A warg (Orc:2)
  18 water moccasins
  2 acid dragons (D:13)
  7 porcupines
  14 hell hounds
  A floating eye (Lair:6)
  4 ice beasts
  39 orc warriors
  4 sky beasts
  3 black bears
  5 phantoms
  9 wolves
  7 ogres
  23 centaurs
  7 crocodiles
  A big kobold (D:11)
  11 bullfrogs
  2 wyvern zombies
  3 scorpions
  45 killer bees
  9 wights
  A howler monkey (D:13)
  5 electric eels
  6 crimson imps
  3 centaur zombies
  3 lava snakes (Lair:6)
  A quasit (D:10)
  A bullfrog skeleton (D:7)
  2 bullfrog zombies
  5 hounds
  8 jellies
  19 orc priests
  25 orc wizards
  A hell rat (Lair:5)
  An iguana (D:11)
  7 worker ants
  A statue (D:7)
  8 ogre zombies (D:10)
  2 hound skeletons
  2 worker ant zombies
  A gnoll (Bailey)
  6 adders
  A shadow imp (D:9)
  An adder zombie (D:6)
  2 adder skeletons
  3 dart slugs
  7 leopard geckos
  69 orcs
  2 giant cockroaches
  7 goblins
  16 hobgoblins
  14 jackals
  6 quokkas
  2 ball pythons
  A ball python skeleton (D:4)
  8 bats
  8 frilled lizards
  2 goblin skeletons (D:10)
  3 goblin zombies (D:10)
  A hobgoblin skeleton (D:10)
  3 hobgoblin zombies (D:10)
  A jackal skeleton (D:4)
  28 kobolds
  A leopard gecko skeleton (D:4)
  A leopard gecko zombie (D:5)
  An orc skeleton (D:10)
  15 orc zombies (D:10)
  4 rats
  A plant (Lair:6)
946 creatures vanquished.

Vanquished Creatures (others)
  A deep troll earth mage (D:13)
  A rust devil (D:14)
  25 fulminant prisms
  10 fungi
  8 plants
45 creatures vanquished.

Grand Total: 991 creatures vanquished

Notes
Turn   | Place    | Note
-------+----------+-------------------------------------------
     0 | D:1      | night the Gnoll Conjurer began the quest for the Orb.
     0 | D:1      | Reached XP level 1. HP: 13/13 MP: 6/6
   127 | D:1      | Reached XP level 2. HP: 19/19 MP: 3/7
   247 | D:1      | Learned a level 2 spell: Searing Ray
   410 | D:1      | Reached XP level 3. HP: 25/25 MP: 9/9
   467 | D:1      | Reached skill level 5 in Spellcasting
   969 | D:2      | Learned a level 1 spell: Confusing Touch
  1149 | D:2      | Reached skill level 1 in Invocations
  1377 | D:2      | Found a sacrificial altar of Ru.
  1495 | D:3      | Reached skill level 1 in Fighting
  1495 | D:3      | Reached skill level 1 in Short Blades
  1495 | D:3      | Reached skill level 1 in Long Blades
  1495 | D:3      | Reached skill level 1 in Axes
  1495 | D:3      | Reached skill level 1 in Maces & Flails
  1495 | D:3      | Reached skill level 1 in Polearms
  1495 | D:3      | Reached skill level 1 in Staves
  1495 | D:3      | Reached skill level 1 in Slings
  1495 | D:3      | Reached skill level 1 in Bows
  1495 | D:3      | Reached skill level 1 in Crossbows
  1495 | D:3      | Reached skill level 1 in Throwing
  1495 | D:3      | Reached skill level 1 in Armour
  1495 | D:3      | Reached skill level 1 in Shields
  1495 | D:3      | Reached skill level 1 in Unarmed Combat
  1495 | D:3      | Reached skill level 1 in Evocations
  1839 | D:3      | Reached XP level 4. HP: 32/32 MP: 8/11
  2173 | D:3      | Found a shimmering blue altar of Sif Muna.
  2218 | D:4      | Reached skill level 1 in Hexes
  2218 | D:4      | Reached skill level 1 in Charms
  2218 | D:4      | Reached skill level 1 in Summonings
  2218 | D:4      | Reached skill level 1 in Necromancy
  2218 | D:4      | Reached skill level 1 in Translocations
  2218 | D:4      | Reached skill level 1 in Transmutations
  2218 | D:4      | Reached skill level 1 in Fire Magic
  2218 | D:4      | Reached skill level 1 in Ice Magic
  2218 | D:4      | Reached skill level 1 in Air Magic
  2218 | D:4      | Reached skill level 1 in Earth Magic
  2218 | D:4      | Reached skill level 1 in Poison Magic
  2226 | D:4      | Reached XP level 5. HP: 29/37 MP: 5/12
  2343 | D:4      | Learned a level 4 spell: Iskenderun's Mystic Blast
  2608 | D:4      | Noticed an ogre
  2616 | D:4      | Killed an ogre
  2616 | D:4      | Reached XP level 6. HP: 44/44 MP: 6/13
  2733 | D:4      | Noticed a phantom
  2756 | D:4      | Reached skill level 5 in Dodging
  2757 | D:4      | Killed a phantom
  2849 | D:4      | Reached XP level 7. HP: 41/50 MP: 12/15
  3557 | D:5      | Entered Level 5 of the Dungeon
  3560 | D:5      | Found a shattered altar of Ashenzari.
  3798 | D:5      | Reached skill level 5 in Stealth
  4151 | D:5      | Reached XP level 8. HP: 57/57 MP: 12/16
  4312 | D:5      | Got a dazzling dagger
  4313 | D:5      | Identified the +3 dagger "Orroph" {chaos, rElec rF- MR+++
                  | Stlth-} (You found it on level 5 of the Dungeon)
  5382 | D:6      | Found a staircase to the Ecumenical Temple.
  5450 | Temple   | Entered the Ecumenical Temple
  5966 | D:7      | Noticed a hippogriff
  5973 | D:7      | Killed a hippogriff
  5973 | D:7      | Reached XP level 9. HP: 51/65 MP: 8/18
  6046 | D:7      | Learned a level 4 spell: Fulminant Prism
  6046 | D:7      | Found a snail-covered altar of Cheibriados.
  6057 | D:7      | Became a worshipper of Cheibriados the Contemplative
  6119 | D:7      | Found a radiant altar of Vehumet.
  6568 | D:7      | Reached * piety under Cheibriados
  6654 | D:7      | Found a stormy altar of Qazlal.
  6658 | D:7      | Found a hazy altar of Hepliaklqana.
  6665 | D:7      | Found a glowing silver altar of Zin.
  6665 | D:7      | Found a hide-covered altar of Uskayaw.
  6697 | D:7      | Found a sparkling altar of Nemelex Xobeh.
  7243 | D:8      | Reached skill level 5 in Invocations
  7306 | D:8      | Found Muehuos's Magic Scroll Boutique.
  7337 | D:8      | Bought a scroll of fog for 22 gold pieces
  7356 | D:8      | Found a sparkling altar of Nemelex Xobeh.
  7449 | D:8      | Reached ** piety under Cheibriados
  7729 | D:8      | Reached XP level 10. HP: 73/73 MP: 15/20
  7857 | D:8      | Bought a scroll of identify for 22 gold pieces
  7857 | D:8      | Bought a scroll of identify for 22 gold pieces
  8200 | D:9      | Found a flagged portal.
  8211 | Bailey   | Entered a bailey
  8216 | Bailey   | Noticed an orc warlord
  8378 | Bailey   | Reached *** piety under Cheibriados
  8390 | Bailey   | Learned a level 3 spell: Confuse
  8395 | Bailey   | Learned a level 4 spell: Petrify
  8496 | Bailey   | Found a runed translucent gate.
  8512 | Bailey   | Found a runed translucent gate.
  8514 | Bailey   | Found a runed translucent gate.
  8597 | Bailey   | Killed an orc warlord
  8597 | Bailey   | Reached skill level 5 in Fighting
  8597 | Bailey   | Reached skill level 5 in Short Blades
  8597 | Bailey   | Reached skill level 5 in Long Blades
  8597 | Bailey   | Reached skill level 5 in Axes
  8597 | Bailey   | Reached skill level 5 in Maces & Flails
  8597 | Bailey   | Reached skill level 5 in Polearms
  8597 | Bailey   | Reached skill level 5 in Staves
  8597 | Bailey   | Reached skill level 5 in Slings
  8597 | Bailey   | Reached skill level 5 in Bows
  8597 | Bailey   | Reached skill level 5 in Crossbows
  8597 | Bailey   | Reached skill level 5 in Throwing
  8597 | Bailey   | Reached skill level 5 in Armour
  8597 | Bailey   | Reached skill level 5 in Shields
  8597 | Bailey   | Reached skill level 5 in Unarmed Combat
  8597 | Bailey   | Reached skill level 5 in Evocations
  8840 | D:9      | Noticed a two-headed ogre
  8845 | D:9      | Found a blossoming altar of Fedhas.
  8849 | D:9      | Killed a two-headed ogre
  9058 | D:9      | Found a shimmering altar of Xom.
  9136 | D:9      | Reached **** piety under Cheibriados
  9211 | D:9      | Identified Wennuoh's Tome of Execration
  9669 | D:10     | Entered Level 10 of the Dungeon
  9672 | D:10     | Reached XP level 11. HP: 81/81 MP: 22/22
  9699 | D:10     | Noticed a two-headed ogre
  9711 | D:10     | Killed a two-headed ogre
  9989 | D:10     | Found Voyba Jell's Weapon Shop.
 10325 | D:10     | Reached ***** piety under Cheibriados
 10363 | D:10     | Reached skill level 5 in Hexes
 10363 | D:10     | Reached skill level 5 in Charms
 10363 | D:10     | Reached skill level 5 in Summonings
 10363 | D:10     | Reached skill level 5 in Necromancy
 10363 | D:10     | Reached skill level 5 in Translocations
 10363 | D:10     | Reached skill level 5 in Transmutations
 10363 | D:10     | Reached skill level 5 in Fire Magic
 10363 | D:10     | Reached skill level 5 in Ice Magic
 10363 | D:10     | Reached skill level 5 in Air Magic
 10363 | D:10     | Reached skill level 5 in Earth Magic
 10363 | D:10     | Reached skill level 5 in Poison Magic
 10490 | D:10     | Found a staircase to the Orcish Mines.
 10623 | D:10     | Found a staircase to the Lair.
 10968 | D:10     | Killed an unseen horror
 11337 | Lair:1   | Entered Level 1 of the Lair of Beasts
 11343 | Lair:1   | Learned a level 4 spell: Olgreb's Toxic Radiance
 11347 | Lair:1   | Learned a level 3 spell: Ignite Poison
 11488 | Lair:1   | Identified a scroll of acquirement
 11488 | Lair:1   | Identified night's Compendium of Attacks (You acquired it
                  | on level 1 of the Lair of Beasts)
 12350 | Lair:2   | Found a hole to the Spider Nest.
 12504 | Lair:2   | Reached ****** piety under Cheibriados
 12703 | Lair:2   | Noticed a six-headed hydra
 13076 | Lair:2   | Noticed a five-headed hydra
 13083 | Lair:2   | Killed a five-headed hydra
 13083 | Lair:2   | Reached XP level 12. HP: 89/89 MP: 20/24
 13169 | Lair:2   | Killed a six-headed hydra
 14201 | Lair:3   | Noticed an eight-headed hydra
 14221 | Lair:3   | Killed an eight-headed hydra
 14509 | Lair:3   | Got a brightly glowing long sword
 14510 | Lair:3   | Identified the +10 long sword of Payriahu {protect, rC++}
                  | (You found it on level 3 of the Lair of Beasts)
 14954 | Lair:3   | Found a staircase to the Shoals.
 15449 | Lair:4   | You fall into a shaft and drop 1 floor!
 15529 | Lair:4   | HP: 1/91 [lindwurm/blast of flame (43)]
 16081 | Lair:4   | Identified Nuqoen's Grimoire of Freezing Translocation
 16327 | Lair:4   | You fall into a shaft and drop 2 floors!
 16327 | Lair:6   | Entered Level 6 of the Lair of Beasts
 16344 | Lair:6   | Reached XP level 13. HP: 92/98 MP: 14/26
 18451 | Lair:6   | Got a smelly leather armour
 18456 | Lair:6   | Identified the +3 leather armour of Xelam {*Drain rElec
                  | rC++ MR+} (You found it on level 6 of the Lair of Beasts)
 18512 | Lair:5   | Reached skill level 10 in Conjurations
 19195 | Lair:5   | Reached skill level 10 in Spellcasting
 19224 | Lair:5   | Reached XP level 14. HP: 101/106 MP: 22/28
 19814 | Lair:5   | Reached skill level 10 in Dodging
 20139 | Lair:4   | Reached skill level 10 in Stealth
 20139 | Lair:4   | Reached XP level 15. HP: 113/113 MP: 29/29
 20439 | Lair:6   | Found a staircase to the Slime Pits.
 20508 | Lair:6   | Reached skill level 10 in Invocations
 20781 | Lair:6   | Paralysed by a floating eye for 3 turns
 20785 | Lair:6   | Paralysed by a floating eye for 3 turns
 21186 | Lair:6   | Found a large runed translucent door.
 21186 | Lair:6   | Found a large runed translucent door.
 22195 | D:11     | Learned a level 3 spell: Lesser Beckoning
 23241 | D:12     | Noticed Nessos
 23250 | D:12     | Killed Nessos
 23375 | D:12     | Noticed Nergalle
 23388 | D:12     | Killed Nergalle
 23459 | D:12     | Noticed Azrael
 23497 | D:12     | Killed Azrael
 24526 | D:13     | Identified the +0 robe "Ojaruopn" {rF- Str+3 Dex+6}
 25008 | D:13     | Reached XP level 16. HP: 122/122 MP: 31/31
 25234 | D:13     | Found a gate to the Vaults.
 25260 | D:13     | Reached skill level 10 in Fighting
 25260 | D:13     | Reached skill level 10 in Short Blades
 25260 | D:13     | Reached skill level 10 in Long Blades
 25260 | D:13     | Reached skill level 10 in Axes
 25260 | D:13     | Reached skill level 10 in Maces & Flails
 25260 | D:13     | Reached skill level 10 in Polearms
 25260 | D:13     | Reached skill level 10 in Staves
 25260 | D:13     | Reached skill level 10 in Slings
 25260 | D:13     | Reached skill level 10 in Bows
 25260 | D:13     | Reached skill level 10 in Crossbows
 25260 | D:13     | Reached skill level 10 in Throwing
 25260 | D:13     | Reached skill level 10 in Armour
 25260 | D:13     | Reached skill level 10 in Shields
 25260 | D:13     | Reached skill level 10 in Unarmed Combat
 25260 | D:13     | Reached skill level 10 in Evocations
 25645 | D:14     | Found a blossoming altar of Fedhas.
 25733 | D:13     | Noticed a storm dragon
 25735 | D:13     | Noticed a tengu reaver
 26240 | D:14     | Found a portal to a secret trove of treasure.
 26688 | D:14     | HP: 4/122 [hell hound/blast of flame (17)]
 27089 | D:14     | Learned a level 7 spell: Orb of Destruction
 27477 | D:14     | Found a runed translucent door.
 27797 | D:15     | Entered Level 15 of the Dungeon
 27923 | D:15     | Found a stormy altar of Qazlal.
 28164 | D:15     | Found Wiclir's Weapon Shop.
 28390 | D:15     | Found a staircase to the Depths.
 28946 | D:14     | Identified the +7 spear of the Hidden Vale {freeze, *Rage
                  | +Fly rN+ Stlth+}
 29145 | Orc:1    | Entered Level 1 of the Orcish Mines
 29368 | Orc:1    | Noticed Snorg
 29379 | Orc:1    | Killed Snorg
 29722 | Orc:2    | Entered Level 2 of the Orcish Mines
 29968 | Orc:2    | Found a burning altar of Makhleb.
 30001 | Orc:2    | Found a staircase to the Elven Halls.
 30204 | Orc:2    | Found Vimi's Book Shoppe.
 30204 | Orc:2    | Found Mexzuept's Weapon Boutique.
 30208 | Orc:2    | Found Jeos's Antique Armour Shop.
 30247 | Orc:2    | Found Waezivymi's Armour Emporium.
 30623 | Spider:1 | Entered Level 1 of the Spider Nest
 31397 | Spider:1 | Got a fine mace
 31398 | Spider:1 | Identified the +11 mace of Nibyuf {venom, *Noise rC++} (You
                  | found it on level 1 of the Spider Nest)
 31484 | Spider:1 | Reached XP level 17. HP: 42/129 MP: 0/32
 31819 | Spider:1 | Noticed Nikola
 31837 | Spider:1 | Killed Nikola
 32273 | Spider:2 | Noticed Agnes
 32322 | Spider:2 | Noticed Arachne
 32328 | Spider:2 | Killed Agnes
 32333 | Spider:2 | Killed Arachne
 32600 | Spider:2 | You fall into a shaft and drop 1 floor!
 32893 | Spider:3 | Found a transporter.
 32898 | Spider:3 | Found a one-way gate to the infinite horrors of the Abyss.
 32898 | Spider:3 | Noticed Zuproetha's ghost (adept DsWn)
 33123 | Spider:3 | Found a transporter.
 33142 | Spider:3 | Noticed a hellephant
 33538 | Spider:4 | Entered Level 4 of the Spider Nest
 35118 | Spider:4 | Reached XP level 18. HP: 66/138 MP: 1/34
 35759 | Spider:4 | Slain by a ghost moth

Levels and vault maps discovered:
D:1:      wander_arrival_desolate, layout_loops_cross
D:2:      layout_rooms, nrook_loot_triangle, nicolae_ru_path_of_blood
D:3:      layout_loops_corners, lemuel_blue_sif_altar, first_ration
D:4:      layout_cave_pods
D:5:      layout_loops_cross, basic_altar
D:6:      layout_basic, minmay_temple_entry_glassed_door, st_stairs_10
D:7:      layout_basic, overflow_temple_1_default, vehumet_statue,
          minmay_overflow_temple_star_hex
D:8:      layout_rooms, serial_shops, shop, david_nohive_1, minmay_hedge_maze,
          nemelex_diamond_rough_becter
D:9:      cheibrodos_barr_body, layout_basic, marbit_many_paths, enter_bailey_2,
          fountainhead, xom_teletrap_fun
D:10:     layout_irregular_city, grunt_lair_entry_orc_guard_hut,
          zombieorc2_lemuel, serial_shops, nicolae_shop_trees,
          grunt_ministairs_14, kennysheep_diamond, minmay_misc_feat_roman
D:11:     layout_gridville, nicolae_underground_beach
D:12:     layout_roguey, hex_large, uniq_azrael, uniq_nergalle, uniq_nessos
D:13:     minmay_connected_triangles_in_corner, layout_rooms, david_vaults_4,
          kennysheep_generic_room_3
D:14:     mludivico_vault, layout_basic, serial_glass, glass_columns_b,
          glass_columns_a, feat_on_display, feat_on_display,
          minmay_strange_pillars, enter_trove_0, fedhas_altar_3
D:15:     grunt_enter_depths_snipers, layout_loops_ring, serial_shops, shop,
          kennysheep_pointless_box, basic_altar
Temple:   cyrus_circular_temple
Lair:1:   layout_regular_city, columned_hall_lemuel
Lair:2:   layout_layer_cave, dummy_spider_entry, infiniplex_staircase_pool_2,
          serial_bayou_shore_a
Lair:3:   layout_small_grid, elwin_shoals_entry_rooms,
          grunt_forest_stairs_clearing
Lair:4:   layout_hall_layers, minmay_lindwurm_lava
Lair:5:   regret_index_combs_of_tragedy, layout_regular_city
Lair:6:   cheibrodos_lair_end_hotspot, layout_regular_city,
          minmay_slime_entry_oklob_open, disabler_island,
          minmay_lair_oklob_chamber
Spider:1: layout_spider_delve, spiders_nest_spider_trap, uniq_nikola
Spider:2: layout_spider_delve, drop_trap, uniq_arachne, uniq_agnes
Spider:3: layout_spider_delve, gammafunk_ghost_abyssal_escape,
          nicolae_spider_webbed_stairs
Spider:4: grunt_spider_rune_circles
Orc:1:    layout_caves, uniq_snorg
Orc:2:    st_orc_rangers, layout_caves, basic_altar

Skill      XL: |  1  2  3  4  5  6  7  8  9 10 11 12 13 14 15 16 17 |
---------------+----------------------------------------------------+-----
Spellcasting   | 5 6 7 8 9 10 11 12 | 12.4
Invocations    | 1 2 3 4 5 6 7 8 9 10 11 12 | 12.4
Fighting       | 1 2 3 4 5 6 7 8 9 10 11 | 11.5
Short Blades   | 1 2 3 4 5 6 7 8 9 10 11 | 11.5
Long Blades    | 1 2 3 4 5 6 7 8 9 10 11 | 11.5
Axes           | 1 2 3 4 5 6 7 8 9 10 11 | 11.5
Maces & Flails | 1 2 3 4 5 6 7 8 9 10 11 | 11.5
Polearms       | 1 2 3 4 5 6 7 8 9 10 11 | 11.5
Staves         | 1 2 3 4 5 6 7 8 9 10 11 | 11.5
Slings         | 1 2 3 4 5 6 7 8 9 10 11 | 11.5
Bows           | 1 2 3 4 5 6 7 8 9 10 11 | 11.5
Crossbows      | 1 2 3 4 5 6 7 8 9 10 11 | 11.5
Throwing       | 1 2 3 4 5 6 7 8 9 10 11 | 11.5
Armour         | 1 2 3 4 5 6 7 8 9 10 11 | 11.5
Shields        | 1 2 3 4 5 6 7 8 9 10 11 | 11.5
Unarmed Combat | 1 2 3 4 5 6 7 8 9 10 11 | 11.5
Evocations     | 1 2 3 4 5 6 7 8 9 10 11 | 11.5
Hexes          | 1 2 3 4 5 6 7 8 9 |  9.8
Charms         | 1 2 3 4 5 6 7 8 9 |  9.8
Summonings     | 1 2 3 4 5 6 7 8 9 |  9.8
Necromancy     | 1 2 3 4 5 6 7 8 9 |  9.8
Translocations | 1 2 3 4 5 6 7 8 9 |  9.8
Transmutations | 1 2 3 4 5 6 7 8 9 |  9.8
Fire Magic     | 1 2 3 4 5 6 7 8 9 |  9.8
Ice Magic      | 1 2 3 4 5 6 7 8 9 |  9.8
Air Magic      | 1 2 3 4 5 6 7 8 9 |  9.8
Earth Magic    | 1 2 3 4 5 6 7 8 9 |  9.8
Poison Magic   | 1 2 3 4 5 6 7 8 9 |  9.8
Dodging        | 5 6 7 8 9 10 11 12 | 12.3
Stealth        | 5 6 7 8 9 10 11 12 | 12.1
Conjurations   | 8 9 10 11 | 11.9

Action                   |  1- 3 |  4- 6 |  7- 9 | 10-12 | 13-15 | 16-18 || total
-------------------------+-------+-------+-------+-------+-------+-------++-------
Melee: Short sword       |     5 |       |       |       |       |       ||     5
       Whip              |    27 |    19 |   147 |   327 |   221 |   316 ||  1057
       Bite              |     3 |     1 |    24 |   103 |   187 |   210 ||   528
       Dagger            |       |       |    12 |   170 |   377 |   234 ||   793
       Staff             |       |       |       |     1 |       |     5 ||     6
       Long sword        |       |       |       |    23 |    63 |     4 ||    90
       Rapier            |       |       |       |       |       |   227 ||   227
 Fire: Shortbow          |       |     5 |       |       |       |       ||     5
Throw: Boomerang         |       |       |     2 |    15 |     7 |     1 ||    25
       Dart              |       |       |       |       |       |     3 ||     3
 Cast: Magic Dart        |    54 |    31 |   108 |   152 |    72 |     4 ||   421
       Searing Ray       |       |     5 |    13 |     8 |     4 |       ||    30
       Iskenderun's Myst |       |       |    14 |    23 |    30 |     7 ||    74
       Fulminant Prism   |       |       |    11 |     1 |    13 |       ||    25
       Confuse           |       |       |       |    12 |    10 |     3 ||    25
       Petrify           |       |       |       |    15 |    67 |    17 ||    99
       Olgreb's Toxic Ra |       |       |       |    15 |    59 |   142 ||   216
       Ignite Poison     |       |       |       |     2 |     8 |    22 ||    32
       Confusing Touch   |       |       |       |       |     2 |     4 ||     6
       Lesser Beckoning  |       |       |       |       |     6 |     4 ||    10
       Orb of Destructio |       |       |       |       |       |    24 ||    24
Invok: Slouch            |       |       |       |     1 |     1 |     4 ||     6
 Abil: Evoke Flight      |       |       |       |       |     3 |       ||     3
       Stop Flying       |       |       |       |       |     1 |       ||     1
Evoke: Wand              |       |       |       |     2 |       |     6 ||     8
       Crystal ball of e |       |       |       |       |       |     2 ||     2
  Use: Scroll            |     7 |       |     3 |    14 |    10 |     4 ||    38
       Potion            |       |       |       |       |     1 |     2 ||     3
 Stab: Sleeping          |     4 |       |     9 |     8 |     6 |    14 ||    41
       Confused          |       |       |       |     6 |     8 |     1 ||    15
       Petrified         |       |       |       |    17 |    40 |    22 ||    79
       Petrifying        |       |       |       |       |    24 |     4 ||    28
       Distracted        |       |       |       |       |       |     1 ||     1
  Eat: Chunk             |     2 |     4 |     9 |    15 |    15 |    19 ||    64
       Ration            |       |       |     2 |       |       |     2 ||     4
Armor: Robe              |     2 |     3 |    12 |       |       |       ||    17
       Scale mail        |       |       |    19 |   134 |    63 |   317 ||   533
       Leather armour    |       |       |       |       |    12 |       ||    12
       Fire dragon scale |       |       |       |       |    26 |       ||    26
Dodge: Dodged            |    22 |    19 |   128 |   336 |   377 |   649 ||  1531
Block: Buckler           |       |       |    32 |   166 |   287 |   464 ||   949
       Rpst.: Long sword |       |       |       |     4 |    12 |       ||    16

Table legend:
 A = Non-vault XP
 B = Vault XP
 C = Vault XP percentage of total XP
 D = Non-vault monster count
 E = Vault monster count
 F = Vault count percentage of total count
                 A         B        C        D         E       F
            +---------+---------+-------+---------+---------+-------
      Total |  125689 |   90062 |  41.7 |     634 |     313 |  33.1
            +---------+---------+-------+---------+---------+-------
        D:1 |      46 |       0 |   0.0 |      27 |       0 |   0.0
        D:2 |      28 |       0 |   0.0 |      11 |       0 |   0.0
        D:3 |      21 |       0 |   0.0 |      11 |       0 |   0.0
        D:4 |     793 |       0 |   0.0 |      26 |       0 |   0.0
        D:5 |     507 |       0 |   0.0 |      24 |       0 |   0.0
        D:6 |     817 |       9 |   1.1 |      16 |       2 |  11.1
        D:7 |    1775 |      32 |   1.8 |      37 |       1 |   2.6
        D:8 |     995 |       0 |   0.0 |      13 |       0 |   0.0
        D:9 |     659 |    1519 |  69.7 |      18 |      11 |  37.9
       D:10 |    1715 |    1937 |  53.0 |      21 |      49 |  70.0
       D:11 |    4299 |     826 |  16.1 |      30 |       4 |  11.8
       D:12 |    3605 |    4132 |  53.4 |      17 |       8 |  32.0
       D:13 |   10841 |    5275 |  32.7 |      40 |      13 |  24.5
       D:14 |    2100 |    3237 |  60.7 |       5 |      10 |  66.7
       D:15 |    7022 |    2199 |  23.8 |      22 |       3 |  12.0
     Lair:1 |    2739 |       0 |   0.0 |      16 |       0 |   0.0
     Lair:2 |    4162 |       0 |   0.0 |      13 |       0 |   0.0
     Lair:3 |    3548 |    1708 |  32.5 |      15 |       7 |  31.8
     Lair:4 |    3575 |    2764 |  43.6 |      16 |       5 |  23.8
     Lair:5 |    7240 |    9098 |  55.7 |      18 |      48 |  72.7
     Lair:6 |    8550 |   16278 |  65.6 |      34 |      41 |  54.7
   Spider:1 |   17382 |    6162 |  26.2 |      46 |      10 |  17.9
   Spider:2 |   11485 |    5700 |  33.2 |      37 |       2 |   5.1
   Spider:3 |   12079 |       0 |   0.0 |      35 |       0 |   0.0
   Spider:4 |   11329 |   21231 |  65.2 |      27 |      32 |  54.2
      Orc:1 |    4945 |    1117 |  18.4 |      37 |       1 |   2.6
      Orc:2 |    3432 |    4856 |  58.6 |      22 |      39 |  63.9
     Bailey |       0 |    1982 | 100.0 |       0 |      27 | 100.0
            +---------+---------+-------+---------+---------+-------
